 Dungeon Crawl Stone Soup version 0.19-a0-1203-g7dfd8ee (webtiles) character file.

198 LORDOFBUTT the Skirmisher (level 5, 0/47 HPs)
             Began as a Hill Orc Monk on Aug 21, 2016.
             Was a Believer of Beogh.
             Slain by a worker ant (4 damage)
             ... on level 3 of the Dungeon.
             The game lasted 00:04:34 (2641 turns).

LORDOFBUTT the Skirmisher (Hill Orc Monk)           Turns: 2641, Time: 00:04:35

Health: 0/47       AC: 12    Str: 15    XL:     5   Next: 77%
Magic:  4/5        EV:  7    Int: 10    God:    Beogh [**....]
Gold:   115        SH:  0    Dex: 13    Spells: 0 memorised, 4 levels left

rFire  . . .     SeeInvis .     b - +0 trident
rCold  . . .     Gourm    .     e - +3 chain mail
rNeg   . . .     Faith    .     (no shield)
rPois  .         Spirit   .     (no helmet)
rElec  .         Dismiss  .     (no cloak)
rCorr  .         Reflect  .     (no gloves)
MR     .....     Harm     .     (no boots)
Stlth  ..........               (no amulet)
                                (no ring)
                                (no ring)

@: very slightly contaminated, invisible
A: no striking features
a: Smiting, Renounce Religion


You were on level 3 of the Dungeon.
You worshipped Beogh.
Beogh was pleased with you.
You were hungry.

You visited 1 branch of the dungeon, and saw 4 of its levels.

You collected 115 gold pieces.

Inventory:

Hand Weapons
 a - a +0 spear
 b - a +0 trident (weapon)
Armour
 e - a +3 chain mail (worn)
Scrolls
 f - a scroll of identify
 j - a scroll of enchant armour {unknown}
Comestibles
 c - a royal jelly
 d - 2 bread rations


   Skills:
 + Level 4.6 Fighting
 + Level 4.5 Polearms
 + Level 2.4 Armour
 + Level 3.4 Dodging
 + Level 1.8 Stealth


You had 4 spell levels left.
You didn't know any spells.

Dungeon Overview and Level Annotations

Branches:
Dungeon (4/15)
 Temple: D:4-7

Altars:
Fedhas
Qazlal


Message History

You see here a giant gecko skeleton.
The worker ant bites you.
* * * LOW HITPOINT WARNING * * *
The adder skeleton bites you but does no damage.
There is a stone staircase leading up here.
The worker ant bites you but does no damage.
The adder skeleton bites you but does no damage.
You climb upwards.
There is a stone staircase leading down here.
Okay, then.
It was a potion of invisibility.
You fade into invisibility!
You are very lightly contaminated with residual magic.
Your chain mail prevents you from hitting the worker ant.
The worker ant bites you.
* * * LOW HITPOINT WARNING * * *
You are feeling hungry.
You barely miss the worker ant. The worker ant closely misses you.
The worker ant bites you.
You die...

...#...........# ...#...........#
...............# #######...#.####
#...#..# ############
#######...##.# #..........###
......######.###.#..........#
......######....a#..........##
................@............#
..............##.#...........#
..............##.#...........####
............#............†......#
.....)......#.##.#..........###.#
......[.)...#..#.#..........###.#
........)...##.#.#..............#
............##...######.........#
######.....†.......# #.####.##.#


You could see a worker ant.

Vanquished Creatures
  A scorpion (D:4)
  2 river rats (D:4)
  2 adders (D:3)
  4 gnolls (D:3)
  2 worms (D:3)
  2 dart slugs
  A giant gecko (D:4)
  10 orcs
  10 bats
  A giant cockroach (D:1)
  5 goblins
  3 hobgoblins
  3 jackals (D:3)
  A quokka (D:2)
  A ball python (D:1)
  4 giant newts
  6 kobolds
  6 rats
64 creatures vanquished.

Vanquished Creatures (others)
  An orc (D:4)
1 creature vanquished.

Grand Total: 65 creatures vanquished

Notes
Turn   | Place    | Note
-------+----------+-------------------------------------------
     0 | D:1      | LORDOFBUTT the Hill Orc Monk began the quest for the Orb.
     0 | D:1      | Reached XP level 1. HP: 19/19 MP: 1/1
   141 | D:1      | Reached XP level 2. HP: 15/26 MP: 2/2
   779 | D:2      | Reached XP level 3. HP: 31/33 MP: 3/3
   789 | D:2      | Found a blossoming altar of Fedhas.
   848 | D:2      | Found a stormy altar of Qazlal.
  1515 | D:3      | Reached XP level 4. HP: 36/40 MP: 4/4
  1573 | D:3      | Reached skill level 1 in Armour
  2064 | D:3      | Reached XP level 5. HP: 27/46 MP: 5/5
  2393 | D:4      | Became a worshipper of Beogh the Brigand
  2393 | D:4      | Reached * piety under Beogh
  2393 | D:4      | Reached ** piety under Beogh
  2591 | D:4      | Noticed a phantom
  2641 | D:3      | Slain by a worker ant

Vault maps used:
D:1:      minmay_arrival_five_plusses
D:2:      grunt_temple_overflow_forces_of_nature, serial_bayou_pond_b
D:3:      first_bread, hex_medium
D:4:      portal_sewer_entry_e, hangedman_decor_clover_reticule

Skill      XL: |  1  2  3  4  5 |
---------------+----------------+-----
Polearms       | 4 |  4.5
Fighting       | 4 |  4.6
Dodging        | 3 |  3.4
Armour         | 1 2 |  2.4
Stealth        | |  1.8

Action                   |  1- 3 |  4- 6 || total
-------------------------+-------+-------++-------
Melee: Spear             |   138 |       ||   138
       Trident           |     6 |   130 ||   136
Invok: Smiting           |       |     1 ||     1
       Convert to Beogh  |       |     1 ||     1
  Use: Scroll            |     4 |       ||     4
       Potion            |     1 |     5 ||     6
 Stab: Distracted        |     1 |       ||     1
  Eat: Fruit             |     2 |       ||     2
       Bread ration      |     1 |       ||     1
Armor: Robe              |     7 |       ||     7
       Chain mail        |    40 |   117 ||   157
Dodge: Dodged            |    44 |    70 ||   114
